 Dungeon Crawl Stone Soup version 0.31-a0-1603-gbec6b6ccbf (webtiles) character file.

Game seed: 3820745971424369069

90 sirboomalot the Slasher (level 4, -9/33 HPs)
             Began as an Octopode Monk on Jan 8, 2024.
             Mangled by a gnoll
             ... wielding a +0 halberd
              (11 damage)
             ... on level 2 of the Dungeon.
             The game lasted 00:03:31 (1188 turns).

sirboomalot the Slasher (Octopode Monk)             Turns: 1188, Time: 00:03:33

Health: -9/33      AC:  1    Str: 10    XL:     4   Next: 56%
Magic:  4/4        EV: 14    Int: 18    God:
Gold:   129        SH:  0    Dex: 16    Spells: 3/3 levels left

rFire   . . .        a - +0 falchion
rCold   . . .        c - orb {light}
rNeg    . . .        (helmet restricted)
rPois   .            (no amulet)
rElec   .            f - +6 ring of intelligence
rCorr   .            (no ring)
SInv    .            (no ring)
Will    .....        (no ring)
Stlth   +            (no ring)
HPRegen 0.25/turn    (no ring)
MPRegen 0.09/turn    (no ring)
                     (no ring)

%: no passive effects
@: glowing
A: almost no armour, amphibious, 8 rings, camouflage 1, gelatinous body 1,
(nimble swimmer 1), tentacles
a: no special abilities


You were on level 2 of the Dungeon.
You visited 1 branch of the dungeon, and saw 2 of its levels.

You collected 129 gold pieces.

Inventory:

Hand Weapons
 a - a +0 falchion (weapon)
Armour
 c - an orb of light (worn)
Jewellery
 f - a +6 ring of intelligence (left tentacle)
Scrolls
 d - a scroll of torment {unknown}
 e - a scroll of fear {unknown}
 g - a scroll of poison {unknown}
 i - a scroll of summoning {unknown}
 j - 2 scrolls of identify {unknown}
Potions
 b - a potion of ambrosia
 h - a potion of heal wounds {unknown}


   Skills:
 + Level 3.7 Fighting
 + Level 4.2 Long Blades
 + Level 3.5 Dodging


You had 3 spell levels left.
You didn't know any spells.
Your spell library was empty.

Dungeon Overview and Level Annotations

Branches:
Dungeon (2/15)

Altars:
Yredelemnul

Shops:
D:1 =


Innate Abilities, Weirdness & Mutations

You cannot wear most types of armour.
You are amphibious.
You can wear up to eight rings at the same time.
Your skin changes colour to match your surroundings (Stealth+).
Your rubbery body absorbs attacks. (AC +1, EV +1)
((You are camouflaged when in or above water. (Stealth+)))
You have tentacles for arms and can constrict up to eight enemies at once.


Message History

The gnoll is moderately wounded.
You constrict the gnoll, but do no damage.
The gnoll misses you.
You hit the gnoll.
The gnoll is heavily wounded.
You constrict the gnoll, but do no damage.
The gnoll closely misses you.
You slash the gnoll!
You kill the gnoll!
The gnoll hits you from afar with a +0 spear!
The gnoll attacks as it pursues you! The gnoll barely misses you.
The gnoll closely misses you.
You hit the gnoll. Your grab misses the gnoll.
You squeeze the gnoll, but do no damage.
The gnoll is lightly wounded.
The gnoll misses you.
You hit the gnoll but do no damage. You grab the gnoll.
You squeeze the gnoll, but do no damage.
The gnoll is lightly wounded.
You constrict the gnoll, but do no damage.
The gnoll misses you. The gnoll barely misses you.
You hit the gnoll. You squeeze the gnoll.
You kill the gnoll!
The gnoll barely misses you. The gnoll completely misses you.
The gnoll hits you from afar with a +0 spear.
You see here a +0 spear.
You hit the gnoll. You grab the gnoll. You squeeze the gnoll.
The gnoll is severely wounded.
You constrict the gnoll, but do no damage.
The gnoll misses you.
The gnoll hits you from afar with a +0 spear!
* * * LOW HITPOINT WARNING * * *
You hit the gnoll.
The gnoll is almost dead.
You constrict the gnoll. The gnoll misses you.
The gnoll hits you from afar with a +0 spear.
* * * LOW HITPOINT WARNING * * *
The gnoll hits you with a +0 halberd!
You die...

.....######'###
..............#
..............#
...........)..#
..#...........#
###...........#
###...........#
..#.......)...###########
............).gg@.......#
..............#########.#
..†......(....#########.#
..##.>................#.#
..##..................'.#
..##..................###
..####.._...##........#
..# #.....###......^.#
### #.....# #....[...#


You could see 2 gnolls.

Vanquished Creatures
  2 gnolls (D:2)
  3 adders (D:2)
  2 dart slugs
  4 ball pythons
  2 endoplasms (D:2)
  3 giant cockroaches
  3 hobgoblins
  2 jackals (D:1)
  8 kobolds
  A quokka (D:1)
  7 bats
  A frilled lizard (D:1)
  2 goblins
  4 rats
44 creatures vanquished.

Notes
Turn   | Place    | Note
-------+----------+-------------------------------------------
     0 | D:1      | sirboomalot the Octopode Monk began the quest for the Orb.
     0 | D:1      | Reached XP level 1. HP: 16/16 MP: 1/1
    94 | D:1      | Reached XP level 2. HP: 21/21 MP: 2/2
   168 | D:1      | Found Zir Osuo's Jewellery Emporium.
   415 | D:1      | Reached XP level 3. HP: 21/26 MP: 3/3
   977 | D:2      | Reached XP level 4. HP: 28/32 MP: 4/4
  1053 | D:2      | Reached skill level 4 in Long Blades
  1089 | D:2      | Found a basalt altar of Yredelemnul.
  1188 | D:2      | Mangled by a gnoll

Illustrated notes

Levels and vault maps discovered:
D:1:      amcnicky_arrival_gap_in_the_tavern_cellar, layout_loops_ring,
          serial_shops, shop
D:2:      minmay_chambers_of_twos, layout_basic, basic_altar

Skill      XL: |  1  2  3  4 |
---------------+-------------+-----
Long Blades    | 4 |  4.2
Fighting       | |  3.7
Dodging        | |  3.5

Action                     |  1- 3 |  4- 6 || total
---------------------------+-------+-------++-------
  Melee: Falchion          |    54 |    22 ||    76
         Constrict         |    21 |     7 ||    28
         Tentacles         |    11 |     6 ||    17
         Punch             |     2 |       ||     2
   Stab: Sleeping          |     2 |       ||     2
 Armour: Skin              |    25 |    10 ||    35
  Dodge: Dodged            |    35 |    30 ||    65

Table legend: (Time is in decaauts)
 A = Elapsed time spent in this place.
 B = Non-inter-level travel time spent in this place.
 C = Inter-level travel time spent in this place.
 D = Time resting spent in this place.
 E = Time spent auto-exploring this place.
 F = Levels seen in this place.
 G = Mean time per level.
                   A        B        C        D        E       F      G
               +--------+--------+--------+--------+--------+-----+--------+
         Total |   1196 |   1166 |     30 |      0 |    916 |   2 |  598.0 |
       Dungeon |   1196 |   1166 |     30 |      0 |    916 |   2 |  598.0 |
               +--------+--------+--------+--------+--------+-----+--------+

Top non-repeatable levels by time:
     D:1: 825 daAuts
     D:2: 370 daAuts
